 Dungeon Crawl Stone Soup version 0.28-a0-384-g9e0c098162 (webtiles) character file.

Game seed: 12969511602705109741

231 robertstho the Magician (level 6, -1/64 HPs)
             Began as a Djinni Fire Elementalist on Sept 2, 2021.
             Slain by a hobgoblin (2 damage)
             ... led by Robin
             ... on level 2 of the Dungeon.
             The game lasted 00:02:03 (1165 turns).

robertstho the Magician (Djinni Fire Elementalist)  Turns: 1165, Time: 00:02:04

Health: -1/64      AC: 23    Str:  7    XL:     6   Next: 24%
Gold:   46         EV:  2    Int: 19    God:
                   SH:  0    Dex: 13

rFire   . . .      SeeInvis .   c - +3 short sword
rCold   . . .      Faith    .   (no shield)
rNeg    + + +      Spirit   .   (armour currently unavailable)
rPois   ∞          Reflect  .   (helmet currently unavailable)
rElec   .          Harm     .   (cloak currently unavailable)
rCorr   .          Rampage  .   (gloves currently unavailable)
Will    .....      NoTele   +   (boots unavailable)
Stlth   ++........              (no amulet)
HPRegen 0.20/turn               (no ring)
MPRegen 0.00/turn               (no ring)

@: tree-form
A: stationary, stasis, torment immunity, boosted hp, sickness immunity, (fire
resistance 2), (cold vulnerability 1), float, innate caster, hp casting, extra
vitality 1
a: no special abilities


You were on level 2 of the Dungeon.
You were a tree.
You visited 1 branch of the dungeon, and saw 2 of its levels.

You collected 46 gold pieces.

Inventory:

Hand Weapons
 c - a +3 short sword (weapon)
Armour
 a - a +0 robe (melded)


   Skills:
 * Level 1.7 Fighting
 + Level 2.5 Dodging
 + Level 2.0 Stealth
 * Level 4.5 Spellcasting


You couldn't memorise any spells.
You knew the following spells:

 Your Spells              Type           Power      Damage    Failure   Level
a - Foxfire               Conj/Fire      84%        2x1d8     1%          1
b - Scorch                Fire           42%        2d7       3%          2
c - Conjure Flame         Conj/Fire      21%        6-21      6%          3
d - Inner Flame           Hex/Fire       21%        N/A       6%          3
e - Sticky Flame          Conj/Fire      21%        2d4       21%         4
f - Fireball              Conj/Fire      10%        3d6       50%         5
g - Magic Dart            Conj           84%        1d7       1%          1
h - Slow                  Hex            21%        N/A       3%          2
Your spell library was empty.

Dungeon Overview and Level Annotations

Branches:
Dungeon (2/15)

Altars:

Annotations:
D:2 Natasha, Robin


Innate Abilities, Weirdness & Mutations

You are a tree.
Your roots penetrate the ground, keeping you stationary.
You cannot be teleported.
You are immune to unholy pain and torment.
Your maximum health is greatly increased.
Your equipment is partially melded.
You are immune to sickness and miasma.
You are immune to poison.
((Your flesh is very heat resistant. (rF++)))
((You are vulnerable to cold. (rC-)))
You float through the air rather than walking.
You learn spells naturally, not from books.
Your magical power is your life essence.
You have superior vitality. (+4 HP)


Message History

The goblin hits you but does no damage. The goblin hits you with a +0 dagger.
* * * LOW HITPOINT WARNING * * *
The hobgoblin barely misses you. The hobgoblin hits you.
* * * LOW HITPOINT WARNING * * *
The goblin hits you with a +0 club.
* * * LOW HITPOINT WARNING * * *
The goblin hits you but does no damage. x3
You hit the goblin.
The goblin is severely wounded.
The hobgoblin no longer looks unusually strong.
The goblin no longer looks unusually strong.
The hobgoblin hits you but does no damage.
The goblin hits you but does no damage. The hobgoblin barely misses you.
The goblin hits you but does no damage. Robin hits you but does no damage.
The goblin hits you but does no damage. x3
The hobgoblin hits you but does no damage.
The goblin hits you but does no damage. x2; The hobgoblin hits you.
* * * LOW HITPOINT WARNING * * *
You barely miss the goblin.
The goblin is severely wounded.
The hobgoblin no longer looks unusually strong.
Robin hits you but does no damage. The goblin completely misses you.
The goblin hits you but does no damage. x3
The hobgoblin hits you but does no damage.
The goblin hits you with a +0 club.
* * * LOW HITPOINT WARNING * * *
The hobgoblin hits you but does no damage.
You puncture the goblin!
You kill the goblin!
Robin throws the goblin at you!
The goblin hits you but does no damage. x3
The hobgoblin hits you but does no damage.
The goblin hits you but does no damage.
The hobgoblin hits you but does no damage.
Unknown command.
You hit the goblin.
You kill the goblin!
Robin hits you but does no damage.
The goblin hits you but does no damage. x3
The hobgoblin hits you but does no damage.
The hobgoblin hits you.
You die...

#'## .# ##...## ###.
##.....##.. ....
##.......#.# ##...
#..........###...## #
'....5.........g..#.#
#..........# #.ggg..#
.........# #.g♣#
#.#..h..## #.gg)....#
#.##.5)## #.#.######
#.###'## .....#
#.###.######## ###
..........#
#####.###.# ... .....


You could see Robin, 3 hobgoblins and 3 goblins.

Vanquished Creatures
  Sigmund (D:2)
  Jessica (D:2)
  Natasha (D:2)
  A worm (D:2)
  A dart slug (D:2)
  2 ball pythons (D:2)
  2 endoplasms
  A giant cockroach (D:2)
  3 hobgoblins
  A quokka (D:2)
  A bat (D:2)
  4 goblins (D:2)
  A kobold (D:2)
  2 rats (D:2)
22 creatures vanquished.

Vanquished Creatures (others)
  29 foxfires
29 creatures vanquished.

Grand Total: 51 creatures vanquished

Notes
Turn   | Place    | Note
-------+----------+-------------------------------------------
     0 | D:1      | robertstho the Djinni Fire Elementalist began the quest for
                  | the Orb.
     0 | D:1      | Reached XP level 1. HP: 15/15 MP: 0/0
   159 | D:1      | You are sucked into a shaft and drop 1 floor!
   159 | D:2      | Noticed Natasha
   164 | D:2      | Killed Natasha
   165 | D:2      | Reached skill level 3 in Spellcasting
   165 | D:2      | Reached XP level 2. HP: 16/22 MP: 0/0
   165 | D:2      | Reached XP level 3. HP: 19/26 MP: 0/0
   165 | D:2      | Learned a level 1 spell: Magic Dart
   268 | D:2      | Noticed Sigmund
   275 | D:2      | Killed Sigmund
   276 | D:2      | Reached skill level 1 in Fighting
   276 | D:2      | Reached skill level 4 in Spellcasting
   276 | D:2      | Reached XP level 4. HP: 12/32 MP: 0/0
   276 | D:2      | Reached XP level 5. HP: 14/37 MP: 0/0
   276 | D:2      | Learned a level 2 spell: Slow
   670 | D:2      | Reached XP level 6. HP: 40/42 MP: 0/0
  1136 | D:2      | Noticed Natasha
  1145 | D:2      | Noticed Jessica
  1145 | D:2      | Noticed Robin
  1159 | D:2      | Killed Jessica
  1162 | D:2      | HP: 2/64 [hobgoblin[Robin] (5)]
  1165 | D:2      | Slain by a hobgoblin

Illustrated notes

Levels and vault maps discovered:
D:1:      matt_arrival_los_fun, layout_loops_ring,
          hellmonk_ecumenical_altar_leap_of_faith, minmay_misc_feat_columns
D:2:      layout_loops_corners, kennysheep_generic_room_10, uniq_jessica,
          uniq_robin, uniq_natasha, uniq_sigmund

Skill      XL: |  1  2  3  4  5  6 |
---------------+-------------------+-----
Spellcasting   | 3 4 |  4.5
Fighting       | 1 |  1.7
Stealth        | 2 |  2.0
Dodging        | |  2.5

Action                   |  1- 3 |  4- 6 || total
-------------------------+-------+-------++-------
Melee: Unarmed           |       |    16 ||    16
       Short sword       |       |     5 ||     5
 Cast: Foxfire           |    18 |       ||    18
       Scorch            |     1 |    16 ||    17
  Use: Scroll            |       |     3 ||     3
       Potion            |       |     1 ||     1
Armor: Skin              |       |    48 ||    48
Dodge: Dodged            |       |    49 ||    49

Table legend: (Time is in decaauts)
 A = Elapsed time spent in this place.
 B = Non-inter-level travel time spent in this place.
 C = Inter-level travel time spent in this place.
 D = Time resting spent in this place.
 E = Time spent auto-exploring this place.
 F = Levels seen in this place.
 G = Mean time per level.
                   A        B        C        D        E       F      G
               +--------+--------+--------+--------+--------+-----+--------+
         Total |   1163 |   1163 |      0 |      0 |   1052 |   2 |  581.5 |
       Dungeon |   1163 |   1163 |      0 |      0 |   1052 |   2 |  581.5 |
               +--------+--------+--------+--------+--------+-----+--------+

Top non-repeatable levels by time:
     D:2: 1004 daAuts
     D:1: 159 daAuts
